 Dungeon Crawl Stone Soup version 0.26.0-11-g8f856b5395 (webtiles) character file.

Game seed: 7842436740823600312

49 Destapler the Sneak (level 3, -2/28 HPs)
             Began as a Demonspawn Brigand on Jan 15, 2021.
             Slain by a gnoll
             ... wielding a +0 flail
              (6 damage)
             ... on level 2 of the Dungeon.
             The game lasted 00:01:46 (1254 turns).

Destapler the Sneak (Demonspawn Brigand)            Turns: 1254, Time: 00:01:47

Health: -2/28      AC:  3    Str: 11    XL:     3   Next: 53%
Magic:  3/3        EV: 12    Int: 12    God:
Gold:   72         SH:  0    Dex: 15    Spells: 2/2 levels left

rFire    . . .     SeeInvis .   a - +2 dagger
rCold    . . .     Faith    .   (no shield)
rNeg     . . .     Spirit   .   b - +0 robe
rPois    .         Reflect  .   (no helmet)
rElec    .         Harm     .   c - +0 cloak
rCorr    .         Rampage  .   (no gloves)
Will     .....                  (no boots)
Stlth    +++.......             (no amulet)
HPRegen  0.09/turn              (no ring)
MPRegen  0.08/turn              (no ring)

@: no status effects
A: spiny 1
a: no special abilities


You were on level 2 of the Dungeon.
You visited 1 branch of the dungeon, and saw 2 of its levels.

You collected 72 gold pieces.

Inventory:

Hand Weapons
 a - a +2 dagger (weapon)
Missiles
 d - 8 poisoned darts
 e - a curare-tipped dart (quivered)
Armour
 b - a +0 robe (worn)
 c - a +0 cloak (worn)
Jewellery
 k - an uncursed ring of ice {unknown}
Scrolls
 f - 3 scrolls of identify {unknown}
 g - a scroll of enchant weapon {unknown}
 n - 2 scrolls of noise {unknown}
 o - a scroll of immolation {unknown}
Potions
 h - a potion of heal wounds {unknown}
 i - a potion of mutation {unknown}
 j - a potion of brilliance {unknown}
 l - a potion of cancellation {unknown}
 m - 2 potions of lignification {unknown}


   Skills:
 + Level 2.4 Fighting
 + Level 2.2 Short Blades
 + Level 2.2 Throwing
 + Level 1.5 Dodging
 + Level 3.9 Stealth


You had 2 spell levels left.
You didn't know any spells.
Your spell library was empty.

Dungeon Overview and Level Annotations

Branches:
Dungeon (2/15)

Altars:
Fedhas
Ru
Xom


Innate Abilities, Weirdness & Mutations

You are partially covered in sharp spines.


Message History

The gnoll closely misses you. The leopard gecko zombie bites you.
The gnoll misses you.
You hit the gnoll.
The gnoll is almost dead.
The gnoll hits you from afar with a +0 halberd!
* * * LOW HITPOINT WARNING * * *
The gnoll hits you.
* * * LOW HITPOINT WARNING * * *
The leopard gecko zombie is struck by your spines.
The leopard gecko zombie bites you but does no damage.
Okay, then.
Throw: 2 darts (curare)
Press: ? - help, Q - select action, (/) - cycle Shift-Dir - straight line, f - gnoll
Aim: a gnoll (almost dead)
You throw a curare-tipped dart. The curare-tipped dart hits the gnoll.
The gnoll is poisoned.
The gnoll convulses.
The gnoll seems to slow down.
The gnoll is severely wounded.
The gnoll hits you with a +0 flail.
You die...

#. #....#...####
#.. ##.##.#...#
#..###...#.#...#
#......_.......#
♣♣...♣♣
##.#.#...###...#
♣♣.....♣♣
#.##.## #...#
♣♣.......♣♣
#.)..# #...#
♣...._....♣
#.####.####.#.#
♣♣.........♣♣
#...........#@#
♣...........♣
######.######g#
♣.......♣
#.......g# ♣...♣
########g#
♣♣...♣♣
#.#♣♣♣♣♣.....♣
#....gZ....###
############


You could see 3 gnolls.

Vanquished Creatures
  An adder (D:2)
  An ooze (D:1)
  8 bats
  A giant cockroach (D:1)
  6 goblins (D:1)
  6 hobgoblins
  2 frilled lizards
  3 kobolds
  9 rats
37 creatures vanquished.

Notes
Turn   | Place    | Note
-------+----------+-------------------------------------------
     0 | D:1      | Destapler the Demonspawn Brigand began the quest for the
                  | Orb.
     0 | D:1      | Reached XP level 1. HP: 16/16 MP: 1/1
   296 | D:1      | Reached skill level 1 in Dodging
   371 | D:1      | Gained mutation: You are partially covered in sharp spines.
                  | [demonic ancestry]
   371 | D:1      | Reached XP level 2. HP: 19/22 MP: 2/2
   773 | D:1      | Reached XP level 3. HP: 28/28 MP: 3/3
   978 | D:2      | Found a sacrificial altar of Ru.
  1202 | D:2      | Found a shimmering altar of Xom.
  1232 | D:2      | Found a blossoming altar of Fedhas.
  1254 | D:2      | Slain by a gnoll

Illustrated notes

Levels and vault maps discovered:
D:1:      onia_arrival_pentagram, layout_basic
D:2:      layout_basic, fedhas_altar_fruit_tree, nicolae_overflow_crystal_walls,
          old_standard_altar, serial_bayou_ford_a, minmay_tall_x

Skill      XL: |  1  2 |
---------------+-------+-----
Dodging        | 1 |  1.5
Short Blades   | 2 |  2.2
Throwing       | 2 |  2.2
Fighting       | |  2.4
Stealth        | |  3.9

Action                   || total
-------------------------++-------
Melee: Dagger            ||    81
Throw: Dart              ||     1
 Stab: Sleeping          ||     7
Armor: Robe              ||    18
Dodge: Dodged            ||    56
